 Dungeon Crawl Stone Soup version 0.31-a0-472-g43a2ca8e1b (webtiles) character file.

Game seed: 9817282524258153993

119 Ethylacetat the Changeling (level 5, -2/35 HPs)
             Began as an Octopode Shapeshifter on Aug 6, 2023.
             Slain by an endoplasm (3 damage)
             ... on level 3 of the Dungeon.
             The game lasted 00:02:38 (2082 turns).

Ethylacetat the Changeling (Octopode Shapeshifter)  Turns: 2082, Time: 00:02:38

Health: -2/35      AC:  1    Str: 14    XL:     5   Next: 3%
Magic:  5/5        EV: 13    Int: 10    God:
Gold:   200        SH:  0    Dex: 15    Spells: 4/4 levels left

rFire   . .          .
                       - Unarmed
rCold   . . .        (no shield)
rNeg    . . .        (helmet currently unavailable)
rPois   .            (no amulet)
rElec   .            (no ring)
rCorr   .            (no ring)
SInv    .            (no ring)
Will    .....        (no ring)
Stlth   ++           (no ring)
HPRegen 0.25/turn    (no ring)
MPRegen 0.09/turn    (no ring)
                     (no ring)

%: no passive effects
@: beast-form
A: beast (slay +2), almost no armour, amphibious, 8 rings, camouflage 1,
gelatinous body 1, (nimble swimmer 1), tentacles
a: Begin Untransformation


You were on level 3 of the Dungeon.
You were a hulking beast.
You visited 1 branch of the dungeon, and saw 4 of its levels.

You collected 200 gold pieces.

Inventory:

Jewellery
 c - an amulet of guardian spirit
 l - an amulet of reflection
Talismans
 b - a beast talisman (active)
Wands
 h - a wand of quicksilver (8)
Scrolls
 d - 3 scrolls of enchant armour {unknown}
 g - a scroll of amnesia {unknown}
 i - 2 scrolls of identify {unknown}
 k - a scroll of fear {unknown}
 n - a scroll of poison {unknown}
Potions
 a - a potion of lignification
 e - a potion of ambrosia {unknown}
 f - a potion of enlightenment {unknown}
 j - a potion of degeneration {unknown}
 m - a potion of mutation {unknown}


   Skills:
 + Level 2.4 Fighting
 - Level 2.0 Dodging
 + Level 3.7 Unarmed Combat
 * Level 4.1 Shapeshifting


You had 4 spell levels left.
You didn't know any spells.
Your spell library contained the following spells:

 Spells                   Type           Power      Damage    Failure   Level
 Foxfire                  Conj/Fire      0%         2x1d4     36%         1
 Plasma Beam              Fire/Air       0%         2x1d10    100%        6
 Starburst                Conj/Fire      0%         6d3       100%        6


Dungeon Overview and Level Annotations

Branches:
Dungeon (4/15)
 Temple: D:4-7

Altars:
Trog
Uskayaw


Innate Abilities, Weirdness & Mutations

You are a hulking beast.
Your limbs bulge with bestial killing power. (Slay +2)
You cannot wear most types of armour.
You are amphibious.
You can wear up to eight rings at the same time.
Your skin changes colour to match your surroundings (Stealth+).
Your rubbery body absorbs attacks. (AC +1, EV +1)
((You are camouflaged when in or above water. (Stealth+)))
You have tentacles for arms and can constrict up to eight enemies at once.


Message History

You constrict the orc wizard.
You kill the orc wizard!
You feel your strength returning.
Your Shapeshifting skill increases to level 4!
You have reached level 5!
You feel agile.
HP restored.
Things that are here:
a +0 club; a +0 robe; an orc corpse The orc priest shouts!
An endoplasm comes into view.
The orc priest mumbles some strange prayers to Beogh against you.
Beogh smites you!
The endoplasm quivers.
The orc priest hits you with a +0 short sword.
You tentacle-slap the orc priest. Your grab misses the orc priest.
Your squeeze misses the orc priest.
The orc priest is moderately wounded.
The orc priest hits you with a +0 short sword.
You completely miss the orc priest. You grab the orc priest.
You squeeze the orc priest.
The orc priest is heavily wounded.
You constrict the orc priest.
The orc priest calls down the wrath of Beogh upon you.
Beogh smites you! The endoplasm freezes you.
You are frozen.
* * * LOW HITPOINT WARNING * * *
You tentacle-slap the orc priest.
The orc priest is severely wounded.
You constrict the orc priest.
The orc priest hits you with a +0 short sword.
* * * LOW HITPOINT WARNING * * *
The endoplasm freezes you.
You are frozen.
* * * LOW HITPOINT WARNING * * *
You tentacle-slap the orc priest.
You kill the orc priest!
The endoplasm hits you.
You die...

#####################)..##....P..
.......................>##.###...
#######################.##.# ##.P
. #.##.# .... ## #. #####
#.####+#### #..#.##...# #.#
..........####.# #..8.8.8.[†...##
..?...)h.....## #.....J..#####
..#........ #_?......# #.!.....##
........## #........# #..8.8.8.#


You could see an endoplasm.

Vanquished Creatures
  An orc priest (D:3)
  An orc wizard (D:3)
  3 adders (D:2)
  2 ufetubi (D:4)
  2 worms (D:2)
  2 orcs (D:3)
  7 ball pythons
  6 bats
  6 endoplasms
  2 giant cockroaches
  4 goblins
  7 hobgoblins
  2 kobolds (D:2)
  2 frilled lizards (D:1)
  3 rats
50 creatures vanquished.

Notes
Turn   | Place    | Note
-------+----------+-------------------------------------------
     0 | D:1      | Ethylacetat the Octopode Shapeshifter began the quest for
                  | the Orb.
     0 | D:1      | Reached XP level 1. HP: 13/13 MP: 1/1
    70 | D:1      | Reached XP level 2. HP: 16/18 MP: 2/2
   644 | D:2      | Reached XP level 3. HP: 18/23 MP: 3/3
  1171 | D:2      | Reached XP level 4. HP: 26/29 MP: 4/4
  1336 | D:2      | You fall into a shaft and drop 2 floors!
  1730 | D:3      | Found a faded altar of an unknown god.
  1789 | D:3      | Prayed at the altar of an unknown god.
  1789 | D:3      | Became a worshipper of Trog the Wrathful
  1789 | D:3      | Reached * piety under Trog
  1790 | D:3      | Fell from the grace of Trog
  1927 | D:3      | Found a hide-covered altar of Uskayaw.
  2032 | D:3      | Reached skill level 4 in Shapeshifting
  2032 | D:3      | Reached XP level 5. HP: 26/35 MP: 5/5
  2081 | D:3      | HP: 1/35 [frozen (2)]
  2082 | D:3      | Slain by an endoplasm

Illustrated notes

Levels and vault maps discovered:
D:1:      erik_arrival_orb_chamber, layout_basic, minivault_5,
          nicolae_twisty_statue_hallways
D:2:      layout_basic
D:3:      layout_basic, eat_drink_and_be_merry_uskayaw, ebering_ghost_sewer_f,
          ebering_ecumenical_altar_petrified, dk_noncrumbling_4
D:4:      layout_loops_corners, mainiacjoe_overflow_cross_hatched,
          mainiacjoe_overflow_tiny_flanked

Skill      XL: |  1  2  3  4 |
---------------+-------------+-----
Fighting       | 2 |  2.4
Shapeshifting  | 4 |  4.1
Dodging        | |  2.0
Unarmed Combat | |  3.7

Action                     |  1- 3 |  4- 6 || total
---------------------------+-------+-------++-------
  Melee: Unarmed           |    51 |    48 ||    99
         Constrict         |    15 |    14 ||    29
         Tentacles         |    15 |    16 ||    31
         Punch             |       |     1 ||     1
 Invoke: Renounce Religion |       |     1 ||     1
   Stab: Sleeping          |     9 |     3 ||    12
 Armour: Skin              |     3 |     2 ||     5
  Dodge: Dodged            |    26 |    16 ||    42

Table legend: (Time is in decaauts)
 A = Elapsed time spent in this place.
 B = Non-inter-level travel time spent in this place.
 C = Inter-level travel time spent in this place.
 D = Time resting spent in this place.
 E = Time spent auto-exploring this place.
 F = Levels seen in this place.
 G = Mean time per level.
                   A        B        C        D        E       F      G
               +--------+--------+--------+--------+--------+-----+--------+
         Total |   2076 |   2026 |     50 |     73 |   1549 |   4 |  519.0 |
       Dungeon |   2076 |   2026 |     50 |     73 |   1549 |   4 |  519.0 |
               +--------+--------+--------+--------+--------+-----+--------+

Top non-repeatable levels by time:
     D:2: 1036 daAuts
     D:1: 626 daAuts
     D:3: 282 daAuts
     D:4: 131 daAuts
